 Dungeon Crawl Stone Soup version 0.31.0-11-ge490571c62 (webtiles) character file.

Game seed: 9438661226015181349

571 Logoto the Cudgeller (level 7, -4/55 HPs)
             Began as a Hill Orc Fire Elementalist on Feb 9, 2024.
             Succumbed to a scorpion's poison
             ... on level 4 of the Dungeon.
             The game lasted 00:16:12 (3843 turns).

Logoto the Cudgeller (Hill Orc Fire Elementalist)   Turns: 3843, Time: 00:16:12

Health: -4/55      AC:  6    Str: 13    XL:     7   Next: 34%
Magic:  2/10       EV: 11    Int: 15    God:
Gold:   272        SH:  0    Dex: 11    Spells: 7/10 levels left

rFire   . . .        i - +7 sceptre of Torment {pain, torment}
rCold   . . .        (no shield)
rNeg    . . .        d - +3 leather armour
rPois   .            (no helmet)
rElec   .            (no cloak)
rCorr   .            (no gloves)
SInv    .            (no boots)
Will    +....        (no amulet)
Stlth   ++           (no ring)
HPRegen 0.29/turn    (no ring)
MPRegen 0.12/turn

%: no passive effects
@: lethally poisoned (-4 -> -26), enlightened, flying
A: no striking features
a: no special abilities


You were on level 4 of the Dungeon.
You visited 1 branch of the dungeon, and saw 4 of its levels.
You also visited: Ossuary.

You collected 272 gold pieces.

Inventory:

Hand Weapons
 e - a +0 whip
 i - the +7 sceptre of Torment (weapon) {pain, torment}
   (You found it on level 2 of the Dungeon)
 o - a +4 dagger of speed
Armour
 a - a +0 robe
 d - a +3 leather armour (worn)
Jewellery
 k - a +6 ring of dexterity
 v - a ring of protection from fire
Scrolls
 c - 2 scrolls of enchant weapon {unknown}
 h - 2 scrolls of brand weapon {unknown}
 j - a scroll of vulnerability {unknown}
 l - a scroll of enchant armour {unknown}
 n - 2 scrolls of immolation {unknown}
 q - a scroll of blinking {unknown}
 r - a scroll of identify {unknown}
 s - a scroll of teleportation {unknown}
 t - a scroll of summoning {unknown}
 u - a scroll of fear {unknown}
Potions
 b - 2 potions of magic
 f - 2 potions of might {unknown}
 g - 3 potions of lignification {unknown}
 m - 2 potions of enlightenment
 p - 2 potions of cancellation {unknown}
 w - 2 potions of attraction {unknown}
 x - a potion of curing {unknown}
 z - a potion of berserk rage {unknown}
 A - a potion of mutation {unknown}
 B - 2 potions of haste {unknown}


   Skills:
 + Level 2.0 Fighting
 + Level 5.6 Maces & Flails
 + Level 2.4 Armour
 + Level 2.1 Dodging
 + Level 2.1 Stealth
 + Level 0.5 Unarmed Combat
 + Level 2.2 Spellcasting
 + Level 1.4 Conjurations
 + Level 4.2 Fire Magic


You had 7 spell levels left.
You knew the following spells:

 Your Spells              Type           Power      Damage    Failure   Level
a - Foxfire               Conj/Fire      40%        2x1d6     9%          1
b - Scorch                Fire           28%        2d6       8%          2

Your spell library contained the following spells:

 Spells                   Type           Power      Damage    Failure   Level
 Apportation              Tloc           2%         N/A       28%         1
 Inner Flame              Hex/Fire       7%         N/A       34%         3
 Volatile Blastmotes      Fire/Tloc      14%        2d11      34%         3
 Jinxbite                 Hex            2%         N/A       38%         2
 Flame Wave               Conj/Fire      10%        2d6       65%         4
 Alistair's Intoxication  Alch           0%         N/A       100%        5


Dungeon Overview and Level Annotations

Branches:
Dungeon (4/15)            Ossuary (visited)
 Temple: D:4-7

Altars:
Okawaru
Trog

Annotations:
D:3 1 runed translucent door


Message History

The foxfire hits the jackal.
You kill the jackal!
The scorpion attacks as it pursues you! The scorpion closely misses you.
You hit the scorpion.
The scorpion is almost dead.
The scorpion stings you.
You are poisoned.
The scorpion poisons you!
The jackal bites you but does no damage.
The scorpion closely misses you.
Casting: Foxfire (safe; 9% risk of failure)
Confirm with . or Enter, or press ? or * to list all spells.
Flames lash the jackal.
You kill the jackal!
You feel very sick. The scorpion misses you.
You hit the scorpion but do no damage.
The scorpion is severely wounded.
You feel very sick. The scorpion stings you.
You are more poisoned.
The scorpion poisons you! The scorpion stings you.
You are lethally poisoned!
The scorpion poisons you!
* * * LOW HITPOINT WARNING * * *
You feel extremely sick. The scorpion attacks as it pursues you!
The scorpion stings you.
* * * LOW HITPOINT WARNING * * *
You are more poisoned.
The scorpion poisons you!
* * * LOW HITPOINT WARNING * * *
You feel extremely sick. The scorpion attacks as it pursues you!
The scorpion barely misses you.
* * * LOW HITPOINT WARNING * * *
You feel very sick. The scorpion attacks as it pursues you!
The scorpion closely misses you.
It was a potion of enlightenment.
You feel very buoyant.
You fly up into the air.
You die...

....##
#..........# ####
#..........#
#..........#
#>.....^...#
#..........#####
#..............##
#..........###..#
.##..........#
##@##......#
#s##......#
#.##(....##
#.#v.....#
#...###### ##..##
#...# ###.# #..#


You could see a scorpion.

Vanquished Creatures
  A weeping skull (Ossuary)
  An elf zombie (Ossuary)
  2 burial acolytes (Ossuary)
  A centaur zombie (Ossuary)
  2 human zombies (Ossuary)
  An iguana (D:4)
  2 orc wizards (D:4)
  4 hound zombies (Ossuary)
  2 mummies (Ossuary)
  3 adders
  2 dart slugs
  A ribbon worm (D:2)
  4 orcs
  5 endoplasms
  5 gnoll zombies (Ossuary)
  3 goblins
  8 hobgoblins
  5 jackals
  A quokka (D:2)
  5 ball pythons
  5 bats
  2 frilled lizards (D:1)
  6 kobolds
  3 orc zombies (Ossuary)
  3 rats
77 creatures vanquished.

Vanquished Creatures (others)
  66 foxfires
66 creatures vanquished.

Grand Total: 143 creatures vanquished

Notes
Turn   | Place    | Note
-------+----------+-------------------------------------------
     0 | D:1      | Logoto the Hill Orc Fire Elementalist began the quest for
                  | the Orb.
     0 | D:1      | Reached XP level 1. HP: 14/14 MP: 3/3
   168 | D:1      | Reached XP level 2. HP: 20/20 MP: 0/4
   639 | D:1      | Reached XP level 3. HP: 26/26 MP: 5/5
  1105 | D:1      | Reached skill level 1 in Maces & Flails
  1332 | D:2      | Learned a level 2 spell: Scorch
  1584 | D:2      | Found the +7 sceptre of Torment {pain, torment}
  1669 | D:2      | Reached skill level 1 in Armour
  1880 | D:3      | Found a faded altar of an unknown god.
  1895 | D:3      | Reached XP level 4. HP: 30/33 MP: 6/6
  2059 | D:3      | Found an iron altar of Okawaru.
  2060 | D:3      | Found a runed translucent door.
  2073 | D:3      | Reached skill level 2 in Maces & Flails
  2080 | D:3      | Noticed a gnoll sergeant
  2082 | D:3      | Noticed a centaur
  2082 | D:3      | Found the +0 toga "Victory" {*Victory Clar}
  2436 | D:4      | Reached XP level 5. HP: 39/39 MP: 2/8
  2560 | D:4      | Found a bloodstained altar of Trog.
  2585 | D:4      | Found a sand-covered staircase.
  2592 | Ossuary  | Entered an ossuary
  2592 | Ossuary  | Noticed a weeping skull
  2592 | Ossuary  | Noticed a weeping skull
  2592 | Ossuary  | Noticed a weeping skull
  2629 | Ossuary  | Reached skill level 3 in Maces & Flails
  2694 | Ossuary  | Reached skill level 1 in Fighting
  2694 | Ossuary  | Reached XP level 6. HP: 45/47 MP: 9/9
  2811 | Ossuary  | Reached skill level 4 in Maces & Flails
  2992 | Ossuary  | Reached skill level 5 in Maces & Flails
  2996 | Ossuary  | Reached XP level 7. HP: 50/53 MP: 3/10
  3842 | D:4      | HP: 1/55 [poisoned by a scorpion]
  3843 | D:4      | Succumbed to a scorpion's poison

Illustrated notes

Levels and vault maps discovered:
D:1:      dpeg_arrival_rooms_b, layout_basic
D:2:      layout_basic, minmay_misc_feat_chi
D:3:      layout_basic, nicolae_overflow_guarded_unrand_okawaru_victory,
          dreamdust_ecumenical_altar_grove
D:4:      layout_rooms, mainiacjoe_overflow_alcove_4, enter_ossuary_1,
          nrook_campfire, dreamdust_princess_corridor, hangedman_decor_opposing

Skill      XL: |  1  2  3  4  5  6  7 |
---------------+----------------------+-----
Maces & Flails | 1 2 3 5 |  5.6
Armour         | 1 2 |  2.4
Stealth        | 2 |  2.1
Spellcasting   | 2 |  2.2
Dodging        | 2 |  2.1
Fire Magic     | 4 |  4.2
Fighting       | 1 2 |  2.0
Unarmed Combat | |  0.5
Conjurations   | |  1.4

Action                     |  1- 3 |  4- 6 |  7- 9 || total
---------------------------+-------+-------+-------++-------
  Melee: Unarmed           |    13 |       |       ||    13
         Whip              |    93 |       |       ||    93
         Eveningstar       |     6 |    82 |    15 ||   103
         Punch             |       |     2 |       ||     2
   Cast: Foxfire           |    30 |     6 |     6 ||    42
         Scorch            |     3 |    10 |     9 ||    22
    Use: Potion            |       |       |     1 ||     1
   Stab: Sleeping          |     4 |     1 |       ||     5
 Armour: Robe              |    27 |       |       ||    27
         Leather armour    |    56 |    73 |    36 ||   165
  Dodge: Dodged            |    95 |    48 |    44 ||   187
